 Dungeon Crawl Stone Soup version 0.28.0-1-gb440e238dd (webtiles) character file.

Game seed: 5304897565858040822

39 Descartes the Grasshopper (level 3, -3/28 HPs)
             Began as a Formicid Warper on Feb 26, 2022.
             Slain by Terence (7 damage)
             ... on level 2 of the Dungeon.
             The game lasted 00:03:27 (2104 turns).

Descartes the Grasshopper (Formicid Warper)         Turns: 2104, Time: 00:03:27

Health: -3/28      AC:  6    Str: 17    XL:     3   Next: 70%
Magic:  6/6        EV: 10    Int: 12    God:
Gold:   98         SH:  0    Dex: 10    Spells: 6/6 levels left

rFire   . . .      SeeInvis +   a - +0 hand axe
rCold   . . .      Faith    .   (no shield)
rNeg    . . .      Spirit   .   p - +0 scale mail
rPois   .          Reflect  .   (helmet unavailable)
rElec   .          Harm     .   (no cloak)
rCorr   .          Rampage  .   (no gloves)
Will    +....                   (no boots)
Stlth   ..........              (no amulet)
HPRegen 0.09/turn               e - ring of wizardry
MPRegen 0.10/turn               l - ring of willpower

@: no status effects
A: permanent stasis, dig shafts and tunnels, antennae 3, four strong arms
a: Dig, Shaft Self


You were on level 2 of the Dungeon.
You visited 1 branch of the dungeon, and saw 2 of its levels.

You collected 98 gold pieces.

Inventory:

Hand Weapons
 a - a +0 hand axe (weapon)
 i - a +0 antimagic dagger
Missiles
 c - 11 boomerangs of dispersal (quivered)
 d - 78 stones
Armour
 b - a +0 leather armour
 p - a +0 scale mail (worn)
Jewellery
 e - a ring of wizardry (left hand)
 k - a ring of ice
 l - a ring of willpower (right hand)
Scrolls
 f - a scroll of fog {unknown}
 g - a scroll of summoning {unknown}
 j - a scroll of identify {unknown}
 m - 3 scrolls of teleportation {unknown}
 n - a scroll of magic mapping {unknown}
 o - a scroll of enchant armour {unknown}
Potions
 h - a potion of degeneration {unknown}
 q - a potion of resistance {unknown}
 r - a potion of brilliance {unknown}
 s - a potion of curing {unknown}


   Skills:
 + Level 2.5 Fighting
 + Level 2.2 Axes
 - Level 1.0 Throwing
 + Level 1.7 Armour
 - Level 2.0 Dodging
 + Level 0.9 Shields
 + Level 2.4 Spellcasting
 + Level 2.9 Translocations
 + Level 0.9 Evocations


You had 6 spell levels left.
You didn't know any spells.
Your spell library contained the following spells:

 Spells                   Type           Power      Damage    Failure   Level
 Foxfire                  Conj/Fire      4%         2x1d4     32%         1
 Gell's Gravitas          Tloc           8%         N/A       32%         3
 Lesser Beckoning         Tloc           8%         N/A       32%         3
 Teleport Other           Tloc           8%         N/A       32%         3
 Conjure Flame            Conj/Fire      1%         6-21      69%         3
 Inner Flame              Hex/Fire       1%         N/A       69%         3
 Manifold Assault         Tloc           8%         N/A       95%         5
 Flame Wave               Conj/Fire      1%         2d4       96%         4
 Blink                    Tloc           Unusable   N/A       N/A         2

Dungeon Overview and Level Annotations

Branches:
Dungeon (2/15)

Altars:

Annotations:
D:2 Terence


Innate Abilities, Weirdness & Mutations

You cannot be hasted, slowed, berserked, paralysed or teleported.
You can dig through walls and to a lower floor.
You have a pair of large antennae on your head. (SInv)
Your four strong arms can wield two-handed weapons with a shield.


Message History

You hit Terence.
Terence is moderately wounded.
Terence asks, "Do you want it fast or slow?"
Terence hits you with a +0 hand axe.
You closely miss Terence.
Terence is moderately wounded.
Terence hits you but does no damage.
You hit Terence but do no damage.
Terence is moderately wounded.
Terence barely misses you.
You barely miss Terence.
Terence is moderately wounded.
Terence hits you but does no damage. Terence barely misses you.
You hit Terence.
Terence is moderately wounded.
Terence hits you with a +0 hand axe.
* * * LOW HITPOINT WARNING * * *
You hit Terence but do no damage.
Terence is moderately wounded.
Terence barely misses you.
You hit Terence but do no damage.
Terence is moderately wounded.
Terence hits you with a +0 hand axe.
* * * LOW HITPOINT WARNING * * *
You hit Terence.
Terence is moderately wounded.
Terence hits you with a +0 hand axe.
* * * LOW HITPOINT WARNING * * *
You hit Terence but do no damage.
Terence is moderately wounded.
Terence shouts, "Get ready for death!"
Terence hits you with a +0 hand axe.
* * * LOW HITPOINT WARNING * * *
You barely miss Terence.
Terence is moderately wounded.
Terence hits you but does no damage. x2
You hit Terence but do no damage.
Terence is moderately wounded.
Terence hits you with a +0 hand axe!
You die...

....# #.########............#...
†...# #....................##...
....##############..........##...
....+..................#+#####...
....##############.....#.#####...
...## .......##.....#.##......
....# $.......#.#+###.##^.....
....# .......@#.#.# #.##....).
....# .......@#+#.# #..'......
....# ............######......
....# ####.............'......
....###### #.......#######......
.........# #.......# #######
.........# ###.....#
..#####..#########+##### ....#
#.......##(......# ..#.#
#.#####.##.......#


You could see Terence.

Vanquished Creatures
  A dart slug (D:2)
  3 endoplasms
  2 giant cockroaches
  2 goblins (D:1)
  5 hobgoblins (D:1)
  6 kobolds
  3 quokkas
  3 ball pythons
  3 bats
  3 frilled lizards
  3 rats
34 creatures vanquished.

Notes
Turn   | Place    | Note
-------+----------+-------------------------------------------
     0 | D:1      | Descartes the Formicid Warper began the quest for the Orb.
     0 | D:1      | Reached XP level 1. HP: 16/16 MP: 3/3
    94 | D:1      | Reached XP level 2. HP: 22/22 MP: 5/5
   774 | D:1      | Reached XP level 3. HP: 27/28 MP: 6/6
   944 | D:1      | Noticed a floating eye
   945 | D:1      | Found a faded altar of an unknown god.
   952 | D:1      | Noticed an eye of devastation
   952 | D:1      | Noticed a golden eye
   952 | D:1      | Noticed an eye of devastation
  2085 | D:2      | Noticed Terence
  2104 | D:2      | Slain by Terence

Illustrated notes

Levels and vault maps discovered:
D:1:      dpeg_arrival_stonehenge_8_columns, layout_basic,
          hellmonk_ecumenical_altar_watching_god
D:2:      layout_basic, minmay_heptomino_l4, uniq_terence

Skill      XL: |  1  2 |
---------------+-------+-----
Dodging        | 2 |  2.0
Fighting       | |  2.5
Axes           | |  2.2
Throwing       | |  1.0
Armour         | |  1.7
Shields        | |  0.9
Spellcasting   | |  2.4
Translocations | |  2.9
Evocations     | |  0.9

Action                   || total
-------------------------++-------
Melee: Hand axe          ||   113
       Punch             ||     1
Armor: Leather armour    ||    34
       Scale mail        ||    15
Dodge: Dodged            ||    80
